 Dungeon Crawl Stone Soup version 0.30-a0-39-g42789b21ef (webtiles) character file.

Game seed: 3328709693794315979

30 BritishOli the Trooper (level 3, 29/29 HPs)
             Began as a Demonspawn Fighter on Aug 29, 2022.
             Got out of the dungeon alive.
             The game lasted 00:00:33 (1027 turns).

BritishOli the Trooper (Demonspawn Fighter)         Turns: 1027, Time: 00:00:33

Health: 29/29      AC:  7    Str: 18    XL:     3   Next: 5%
Magic:  3/3        EV:  9    Int:  9    God:
Gold:   16         SH:  4    Dex: 12    Spells: 2/2 levels left

rFire   . . .      SeeInvis .    a - +0 long sword
rCold   . . .      Faith    .    c - +0 buckler
rNeg    . . .      Spirit   .    b - +0 scale mail
rPois   .          Reflect  .    (no helmet)
rElec   .          Harm     .    (no cloak)
rCorr   .          Rampage  .    (no gloves)
Will    .....                    (no boots)
Stlth   ..........               (no amulet)
HPRegen 0.09/turn                (no ring)
MPRegen 0.08/turn                (no ring)

@: no status effects
A: rugged brown scales 1, powered by pain 1
a: no special abilities


You escaped.
You visited 1 branch of the dungeon, and saw 2 of its levels.

You collected 16 gold pieces.

Inventory:

Hand Weapons
 a - a +0 long sword (weapon)
Armour
 b - a +0 scale mail (worn)
 c - a +0 buckler (worn)
Scrolls
 e - a scroll of brand weapon {unknown}
 j - a scroll of immolation {unknown}
Potions
 d - a potion of might
 f - a potion of flight {unknown}
 g - a potion of lignification {unknown}
 h - a potion of ambrosia {unknown}
 i - a potion of mutation {unknown}


   Skills:
 + Level 3.3 Fighting
 + Level 2.2 Long Blades
 + Level 3.0 Armour
 + Level 3.0 Shields


You had 2 spell levels left.
You didn't know any spells.
Your spell library was empty.

Dungeon Overview and Level Annotations

Branches:
Dungeon (2/15)

Altars:

Shops:
D:1 :


Innate Abilities, Weirdness & Mutations

You are partially covered in rugged brown scales. (AC +1, +3% HP)
You sometimes gain a little power by taking damage.


Message History

The frilled lizard bites you but does no damage.
There are monsters nearby!
There are monsters nearby!
You closely miss the frilled lizard.
The frilled lizard bites you but does no damage.
The giant cockroach barely misses you.
You closely miss the frilled lizard. The frilled lizard misses you.
The giant cockroach barely misses you.
There are monsters nearby!
There are monsters nearby!
You closely miss the frilled lizard. The giant cockroach barely misses you.
You block the frilled lizard's attack.
The giant cockroach bites you but does no damage.
The frilled lizard barely misses you.
There are monsters nearby!
You slash the frilled lizard!
You kill the frilled lizard!
You block the giant cockroach's attack.
A giant cockroach is nearby!
You closely miss the giant cockroach. You block the giant cockroach's attack.
The giant cockroach closely misses you.
A giant cockroach is nearby!
You hit the giant cockroach.
The giant cockroach is heavily wounded.
The giant cockroach bites you but does no damage.
The giant cockroach barely misses you.
A giant cockroach is nearby!
You hit the giant cockroach.
You kill the giant cockroach!
No target in view!
No target in view!
No target in view!
(D) Dungeon
Where to? (Enter - D:2, ? - help)
There is a stone staircase leading up here.
You climb upwards.
There is a stone staircase leading down here.
There is a staircase leading out of the dungeon here.
Are you sure you want to leave the Dungeon?
This will make you lose the game!
You have escaped!

......#..##.....##..#
≈#≈≈≈≈≈~.~
.#......###.....###.#
≈≈≈≈≈≈≈~~# .##.............#
#.###########..
.....######.....#
#.........###.#
..########......#
#....>........#
........##......#
#.........#####
.#......#.......# ##........#
................####........#
.###############@>############
.# #......................# .#
#.##..##.....[##..##...# .#
#......................# .#
#.######......######...# .#
#......................# .#
####.####################.# ##
#...........#.# #.# ##.#
♣###......#...#..####.# ###..#


There were no monsters in sight!

Vanquished Creatures
  A gnoll (D:1)
  A giant cockroach (D:2)
  2 goblins
  4 jackals (D:1)
  A quokka (D:1)
  2 ball pythons (D:1)
  3 bats (D:1)
  2 frilled lizards
  3 rats (D:1)
19 creatures vanquished.

Notes
Turn   | Place    | Note
-------+----------+-------------------------------------------
     0 | D:1      | BritishOli the Demonspawn Fighter began the quest for the
                  | Orb.
     0 | D:1      | Reached XP level 1. HP: 18/18 MP: 1/1
   169 | D:1      | Gained mutation: You are partially covered in rugged brown
                  | scales. (AC +1, +3% HP) [demonic ancestry]
   169 | D:1      | Reached XP level 2. HP: 14/24 MP: 2/2
   393 | D:1      | Found Umipp's Book Boutique.
   858 | D:1      | Found a faded altar of an unknown god.
   995 | D:2      | Gained mutation: You sometimes gain a little power by
                  | taking damage. [demonic ancestry]
   995 | D:2      | Reached XP level 3. HP: 29/29 MP: 3/3
  1027 | D:$      | Got out of the dungeon alive.

Illustrated notes

Levels and vault maps discovered:
D:1:      dpeg_arrival_line_fractal, layout_rooms,
          dreamdust_ecumenical_altar_hidden_monk_grotto, serial_shops,
          nicolae_lakefront_shop, serial_rivers, chequers_serial_rivers_marsh,
          chequers_serial_rivers_small_3, chequers_serial_rivers_small_3,
          chequers_serial_rivers_large_a, chequers_serial_rivers_large_b
D:2:      layout_basic, basic_altar

Skill      XL: |  1  2 |
---------------+-------+-----
Long Blades    | 2 |  2.2
Armour         | 3 |  3.0
Shields        | 3 |  3.0
Fighting       | |  3.3

Action                   || total
-------------------------++-------
Melee: Long sword        ||    60
Armor: Scale mail        ||    40
Dodge: Dodged            ||    37
Block: Buckler           ||    21

Table legend: (Time is in decaauts)
 A = Elapsed time spent in this place.
 B = Non-inter-level travel time spent in this place.
 C = Inter-level travel time spent in this place.
 D = Time resting spent in this place.
 E = Time spent auto-exploring this place.
 F = Levels seen in this place.
 G = Mean time per level.
                   A        B        C        D        E       F      G
               +--------+--------+--------+--------+--------+-----+--------+
         Total |   1096 |   1042 |     54 |      0 |    907 |   2 |  548.0 |
       Dungeon |   1096 |   1042 |     54 |      0 |    907 |   2 |  548.0 |
               +--------+--------+--------+--------+--------+-----+--------+

Top non-repeatable levels by time:
     D:1: 1076 daAuts
     D:2: 20 daAuts
